 Dungeon Crawl Stone Soup version 0.29-a0-472-ge5599a681e (webtiles) character file.

Game seed: 13809172614756489383

129 croobank the Covert (level 5, -4/47 HPs)
             Began as a Gnoll Delver on May 22, 2022.
             Slain by Crazy Yiuf
             ... wielding a +3 quarterstaff of chaos
              (13 damage)
             ... on level 2 of the Dungeon.
             The game lasted 00:10:59 (2271 turns).

croobank the Covert (Gnoll Delver)                  Turns: 2271, Time: 00:11:00

Health: -4/47      AC:  6    Str: 11    XL:     5   Next: 12%
Magic:  7/7        EV: 11    Int: 12    God:
Gold:   90         SH:  0    Dex: 13    Spells: 1/6 levels left

rFire   . . .      SeeInvis .   f - +1 short sword (speed)
rCold   . . .      Faith    .   (no shield)
rNeg    + . .      Spirit   .   k - +0 ring mail
rPois   +          Reflect  .   p - +0 helmet
rElec   .          Harm     .   (no cloak)
rCorr   .          Rampage  .   (no gloves)
Will    .....                   (no boots)
Stlth   ++++......              (no amulet)
HPRegen 0.15/turn               h - ring of poison resistance
MPRegen 0.10/turn               q - ring of positive energy

@: hasted, very quick
A: fangs 1, strong nose, distributed training
a: no special abilities


You were on level 2 of the Dungeon.
You visited 1 branch of the dungeon, and saw 5 of its levels.

You collected 90 gold pieces.

Inventory:

Hand Weapons
 a - a +0 hand axe
 b - a +0 hunting sling
 f - a +1 short sword of speed (weapon)
 i - a +0 whip
 r - a +0 falchion
 s - a +1 war axe of protection
 u - a +3 mace
Missiles
 x - 9 poisoned darts (quivered)
 y - 11 stones
Armour
 k - a +0 ring mail (worn)
 p - a +0 helmet (worn)
 w - a +0 leather armour
Jewellery
 h - a ring of poison resistance (left hand)
 q - a ring of positive energy (right hand)
Wands
 g - a wand of digging (3)
Scrolls
 c - a scroll of fog
 j - a scroll of teleportation
 A - a scroll of magic mapping
Potions
 d - a potion of cancellation {unknown}
 e - a potion of might {unknown}
 l - 2 potions of heal wounds {unknown}
 t - a potion of attraction {unknown}
 z - 3 potions of haste


   Skills:
 + Level 6.6 Fighting
 + Level 1.3 Short Blades
 + Level 1.3 Long Blades
 + Level 4.7 Axes
 + Level 1.3 Maces & Flails
 + Level 1.3 Polearms
 + Level 1.3 Staves
 + Level 1.3 Slings
 + Level 1.3 Bows
 + Level 1.3 Crossbows
 + Level 1.3 Throwing
 + Level 1.3 Armour
 + Level 4.7 Dodging
 + Level 9.6 Stealth
 + Level 1.3 Shields
 + Level 1.3 Unarmed Combat
 + Level 1.3 Spellcasting
 + Level 1.1 Conjurations
 + Level 1.1 Hexes
 + Level 1.1 Summonings
 + Level 1.1 Necromancy
 + Level 1.1 Translocations
 + Level 1.1 Transmutations
 + Level 1.1 Fire Magic
 + Level 1.1 Ice Magic
 + Level 1.1 Air Magic
 + Level 1.1 Earth Magic
 + Level 1.1 Poison Magic
 + Level 1.5 Invocations
 + Level 1.3 Evocations


You had one spell level left.
You knew the following spells:

 Your Spells              Type           Power      Damage    Failure   Level
a - Fireball              Conj/Fire      1%         3d3       100%        5

Your spell library contained the following spells:

 Spells                   Type           Power      Damage    Failure   Level
 Iskenderun's Battlesphe  Conj           3%         2d6       100%        5
 Conjure Ball Lightning   Conj/Air       1%         3x3d6     100%        6
 Orb of Destruction       Conj           1%         9d5       100%        7


Dungeon Overview and Level Annotations

Branches:
Dungeon (5/15)             Temple (0/1) D:5

Altars:
Ru

Shops:
D:3 (

Annotations:
D:2 Crazy Yiuf


Innate Abilities, Weirdness & Mutations

You have very sharp teeth.
Your uncanny sense of smell can sniff out nearby items.
Your experience applies equally to all skills.


Message History

A ball python comes into view.
The helpless ball python fails to defend itself.
You impale the ball python!!
You kill the ball python!
You see here a ball python corpse.
Found a mace.
Found a runed translucent door.
No target in view!
Crazy Yiuf shouts!
You feel yourself speed up.
Okay, then.
Okay, then.
As you open the door, it creaks loudly!
You hit Crazy Yiuf.
Crazy Yiuf is lightly wounded.
You hit Crazy Yiuf. You bite Crazy Yiuf, but do no damage.
Crazy Yiuf is moderately wounded.
Crazy Yiuf hits you with a +3 quarterstaff of chaos!
You hit Crazy Yiuf.
Crazy Yiuf is heavily wounded.
You hit Crazy Yiuf but do no damage.
Crazy Yiuf is heavily wounded.
Crazy Yiuf hits you with a +3 quarterstaff of chaos.
You hit Crazy Yiuf.
Crazy Yiuf is heavily wounded.
You hit Crazy Yiuf but do no damage.
Crazy Yiuf is heavily wounded.
Crazy Yiuf misses you.
You completely miss Crazy Yiuf. You bite Crazy Yiuf.
Crazy Yiuf is heavily wounded.
You hit Crazy Yiuf but do no damage. Your bite misses Crazy Yiuf.
Crazy Yiuf is heavily wounded.
Crazy Yiuf hits you with a +3 quarterstaff of chaos!
Space warps horribly around you!
* * * LOW HITPOINT WARNING * * *
You hit Crazy Yiuf.
Crazy Yiuf is severely wounded.
You closely miss Crazy Yiuf.
Crazy Yiuf is severely wounded.
Crazy Yiuf hits you with a +3 quarterstaff of chaos!
You die...

........#.##.#.#.#########.#
#.....###....#.#...........#
####### ####.......######.##
######### #.# #†##
♣♣♣♣♣##..# ### ♣♣♣.♣...##.#
#...#♣..♣.......#
#...g@♣♣♣♣......# #)..#♣♣
♣♣..#.## ### ♣♣#### ### #.#
#.# #.#


You could see Crazy Yiuf.

Vanquished Creatures
  A hound (D:5)
  3 adders
  3 dart slugs
  3 orcs (D:3)
  4 ball pythons
  A bat (D:1)
  5 endoplasms (D:1)
  3 goblins (D:1)
  12 hobgoblins
  4 jackals
  5 kobolds
  4 quokkas
  4 frilled lizards
  8 rats
60 creatures vanquished.

Vanquished Creatures (others)
  7 plants (D:4)
7 creatures vanquished.

Grand Total: 67 creatures vanquished

Notes
Turn   | Place    | Note
-------+----------+-------------------------------------------
     0 | D:5      | Reached skill level 9 in Stealth
     0 | D:5      | croobank the Gnoll Delver began the quest for the Orb.
     0 | D:5      | Reached XP level 1. HP: 23/23 MP: 1/1
     8 | D:5      | Noticed a hound
    19 | D:5      | Noticed a hound
    44 | D:5      | Killed a hound
    45 | D:5      | Reached XP level 2. HP: 28/29 MP: 2/2
    45 | D:5      | Reached XP level 3. HP: 34/35 MP: 3/3
    82 | D:3      | Found a sacrificial altar of Ru.
   117 | D:3      | Found Raidd's Weapon Boutique.
   161 | D:3      | Reached skill level 1 in Invocations
   604 | D:2      | Reached skill level 1 in Short Blades
   604 | D:2      | Reached skill level 1 in Long Blades
   604 | D:2      | Reached skill level 1 in Maces & Flails
   604 | D:2      | Reached skill level 1 in Polearms
   604 | D:2      | Reached skill level 1 in Staves
   604 | D:2      | Reached skill level 1 in Slings
   604 | D:2      | Reached skill level 1 in Bows
   604 | D:2      | Reached skill level 1 in Crossbows
   604 | D:2      | Reached skill level 1 in Throwing
   604 | D:2      | Reached skill level 1 in Armour
   604 | D:2      | Reached skill level 1 in Shields
   604 | D:2      | Reached skill level 1 in Unarmed Combat
   604 | D:2      | Reached skill level 1 in Spellcasting
   604 | D:2      | Reached skill level 1 in Evocations
   610 | D:2      | Reached XP level 4. HP: 41/41 MP: 5/5
   690 | D:2      | You fall into a shaft and drop 2 floors!
   860 | D:2      | Reached skill level 1 in Conjurations
   860 | D:2      | Reached skill level 1 in Hexes
   860 | D:2      | Reached skill level 1 in Summonings
   860 | D:2      | Reached skill level 1 in Necromancy
   860 | D:2      | Reached skill level 1 in Translocations
   860 | D:2      | Reached skill level 1 in Transmutations
   860 | D:2      | Reached skill level 1 in Fire Magic
   860 | D:2      | Reached skill level 1 in Ice Magic
   860 | D:2      | Reached skill level 1 in Air Magic
   860 | D:2      | Reached skill level 1 in Earth Magic
   860 | D:2      | Reached skill level 1 in Poison Magic
  1539 | D:1      | Reached XP level 5. HP: 47/47 MP: 6/6
  1776 | D:1      | Learned a level 5 spell: Fireball
  2256 | D:2      | Found a runed translucent door.
  2257 | D:2      | Noticed Crazy Yiuf
  2271 | D:2      | Slain by Crazy Yiuf

Illustrated notes

Levels and vault maps discovered:
D:1:      minmay_arrival_doors, layout_basic, serial_co_window_serial,
          co_window_paths_a, co_window_of_opportunity_a, co_window_corner_a,
          co_window_paths_b, co_window_cross_1, co_window_cross_3,
          co_window_paths_c, co_window_unsneaky_path_a, co_window_corner_b,
          glass_columns_c, glass_columns_c, glass_columns_a, glass_columns_a
D:2:      layout_basic, shapermc_ecumenical_altar_pompeii,
          nicolae_figureground_pulse, uniq_crazy_yiuf_cottage
D:3:      kennysheep_slugbush, layout_rooms,
          nicolae_dithmenos_through_a_glass_darkly, nicolae_ru_awakened_eye,
          serial_shops, shop
D:4:      layout_rooms, serial_curves, eino_curves_04, eino_curves_04,
          minmay_lizard_king
D:5:      layout_loops_ring, minmay_temple_entry_poolview, uniq_pikel

Skill      XL: |  1  2  3  4 |
---------------+-------------+-----
Stealth        | |  9.6
Invocations    | 1 |  1.5
Short Blades   | 1 |  1.3
Long Blades    | 1 |  1.3
Maces & Flails | 1 |  1.3
Polearms       | 1 |  1.3
Staves         | 1 |  1.3
Slings         | 1 |  1.3
Bows           | 1 |  1.3
Crossbows      | 1 |  1.3
Throwing       | 1 |  1.3
Armour         | 1 |  1.3
Shields        | 1 |  1.3
Unarmed Combat | 1 |  1.3
Spellcasting   | 1 |  1.3
Evocations     | 1 |  1.3
Conjurations   | 1 |  1.1
Hexes          | 1 |  1.1
Summonings     | 1 |  1.1
Necromancy     | 1 |  1.1
Translocations | 1 |  1.1
Transmutations | 1 |  1.1
Fire Magic     | 1 |  1.1
Ice Magic      | 1 |  1.1
Air Magic      | 1 |  1.1
Earth Magic    | 1 |  1.1
Poison Magic   | 1 |  1.1
Fighting       | |  6.6
Axes           | |  4.7
Dodging        | |  4.7

Action                   |  1- 3 |  4- 6 || total
-------------------------+-------+-------++-------
Melee: Hand axe          |    16 |       ||    16
       Short sword       |    31 |   140 ||   171
       Bite              |     5 |     9 ||    14
       Punch             |       |     1 ||     1
Throw: Throwing net      |     2 |       ||     2
  Use: Scroll            |     3 |     6 ||     9
       Potion            |     2 |     1 ||     3
 Stab: Sleeping          |     4 |    12 ||    16
       Distracted        |     1 |       ||     1
Armor: Leather armour    |     5 |     4 ||     9
       Ring mail         |       |    20 ||    20
Dodge: Dodged            |    31 |    61 ||    92

Table legend: (Time is in decaauts)
 A = Elapsed time spent in this place.
 B = Non-inter-level travel time spent in this place.
 C = Inter-level travel time spent in this place.
 D = Time resting spent in this place.
 E = Time spent auto-exploring this place.
 F = Levels seen in this place.
 G = Mean time per level.
                   A        B        C        D        E       F      G
               +--------+--------+--------+--------+--------+-----+--------+
         Total |   2205 |   2193 |     12 |    399 |    946 |   5 |  441.0 |
       Dungeon |   2205 |   2193 |     12 |    399 |    946 |   5 |  441.0 |
               +--------+--------+--------+--------+--------+-----+--------+

Top non-repeatable levels by time:
     D:1: 1283 daAuts
     D:2: 514 daAuts
     D:3: 269 daAuts
     D:4: 96 daAuts
     D:5: 41 daAuts
